 Dungeon Crawl Stone Soup version 0.20.1-1-g8b1a95d (console) character file.

560 bli the Skirmisher (level 7, -10/56 HPs)
             Began as a Formicid Abyssal Knight on July 30, 2017.
             Was a Believer of Lugonu.
             Mangled by a gnoll
             ... wielding a +0 whip of electrocution
              (17 damage)
             ... on level 3 of the Dungeon.
             The game lasted 00:17:05 (4058 turns).

bli the Skirmisher (Formicid Abyssal Knight)        Turns: 4058, Time: 00:17:06

Health: -10/56     AC:  7    Str: 17    XL:     7   Next: 57%
Magic:  0/8        EV: 11    Int: 12    God:    Lugonu [**....]
Gold:   168        SH:  0    Dex: 11    Spells: 6/6 levels left

rFire    . . .     SeeInvis +   a - +1 spear
rCold    + . .     Gourm    .   (no shield)
rNeg     . . .     Faith    .   p - +0 ring mail
rPois    +         Spirit   +   (helmet unavailable)
rElec    .         Reflect  .   q - scarf {Spirit}
rCorr    .         Harm     .   (no gloves)
MR       .....                  m - +0 pair of boots
Stlth    +.........             (no amulet)
Regen    0.2/turn               s - ring of poison resistance
MPRegen  0.2/turn               x - ring of protection from cold

@: no status effects
A: permanent stasis, dig shafts and tunnels, four strong arms, antennae 3
a: Dig, Shaft Self, Depart the Abyss, Bend Space, Renounce Religion


You were on level 3 of the Dungeon.
You worshipped Lugonu.
Lugonu was pleased with you.
You were not hungry.

You visited 1 branch of the dungeon, and saw 4 of its levels.
You visited the Abyss 1 time.

You collected 168 gold pieces.

Inventory:

Hand Weapons
 a - a +1 spear (weapon)
 y - a +0 trident
Missiles
 o - 73 stones (quivered)
Armour
 b - a +0 leather armour
 m - a +0 pair of boots (worn)
 n - a +0 scale mail
 p - a +0 ring mail (worn)
 q - a scarf of spirit shield (worn)
 B - a +0 shield
Jewellery
 s - a ring of poison resistance (left hand)
 x - a ring of protection from cold (right hand)
Scrolls
 d - 5 scrolls of remove curse {unknown}
 f - 2 scrolls of recharging {unknown}
 g - a scroll of random uselessness {unknown}
 h - 3 scrolls of amnesia {unknown}
 i - 6 scrolls of identify {unknown}
 j - 4 scrolls of enchant weapon {unknown}
 l - 2 scrolls of teleportation {unknown}
 r - a scroll of magic mapping {unknown}
 t - 4 scrolls of blinking {unknown}
Potions
 e - a potion of haste
 u - a potion of invisibility {unknown}
 w - 2 potions of curing {unknown}
 z - a potion of degeneration {unknown}
 C - 2 potions of flight
Comestibles
 c - 3 bread rations
 k - a royal jelly
 v - a chunk of flesh
 A - a meat ration


   Skills:
 + Level 5.2 Fighting
 + Level 4.6 Polearms
 * Level 4.8 Armour
 + Level 1.8 Dodging
 + Level 2.1 Stealth
 * Level 0.2 Shields
 + Level 2.2 Invocations


You had 6 spell levels left.
You didn't know any spells.

Dungeon Overview and Level Annotations

Branches:
Dungeon (4/15)             Temple (0/1) D:4

Altars:
Ashenzari
Nemelex Xobeh
Trog


Innate Abilities, Weirdness & Mutations

You cannot be hasted, slowed, berserked, paralysed or teleported.
You can dig through walls and to a lower floor.
Your four strong arms can wield two-handed weapons with a shield.
You have a pair of large antennae on your head. (SInv)


Message History

The gnoll hits you with a whip of electrocution.
You dig through the rock wall.
The gnoll hits you!
* * * LOW HITPOINT WARNING * * *
You retract your mandibles.
You closely miss the gnoll.
The gnoll is almost dead.
The gnoll hits you.
* * * LOW HITPOINT WARNING * * *
You hit the gnoll.
You kill the gnoll!
Lugonu accepts your kill.
You hit the gnoll.
The gnoll is lightly wounded.
The gnoll hits you with a whip of electrocution.
* * * LOW HITPOINT WARNING * * *
You hit the gnoll.
The gnoll is moderately wounded.
The gnoll hits you with a whip of electrocution.
* * * LOW HITPOINT WARNING * * *
You are electrocuted!
You die...

###...........# .##...[.......#
.##........#### .##....÷...#
########### .#####.#.###
#.........# .# #.#.#
#.#######.# .#####.#.#
#.#.......# .......#.#
#.#.####### ########.# #.#.#
#.# ###.#.##########
#.#######@#)..#....)...#
########.......#g#.#.#.######.#
................>..#.#.#....#.#
.#############.#####.#.#..###.#
.# #...>.........#.#......# .#
#.#####.......#.#.###### .# #.#
#.......#.#.# .#
#.#####.......#.#.######## .#
#.....#.......#.#.......÷) .#
#####.#######.#.#########)
.###########.# #.#.......# #.


You could see a gnoll.

Vanquished Creatures
  An ogre (D:4)
  A howler monkey (D:4)
  3 orc wizards
  A hound (D:4)
  An orc priest (D:3)
  A gnoll shaman (D:4)
  Jessica (D:2)
  Natasha (thrice) (D:2)
  A worker ant (D:4)
  Robin (D:3)
  2 gnolls
  2 adders (D:3)
  3 worms
  A dart slug (D:2)
  A leopard gecko (D:2)
  7 orcs
  6 bats
  4 giant cockroaches
  13 goblins
  11 hobgoblins
  4 jackals (D:1)
  3 ball pythons (D:3)
  2 frilled lizards (D:3)
  5 kobolds
  12 rats
90 creatures vanquished.

Notes
Turn   | Place    | Note
-------+----------+-------------------------------------------
     0 | Abyss:1  | bli the Formicid Abyssal Knight began the quest for the Orb.
     0 | Abyss:1  | Reached XP level 1. HP: 18/18 MP: 2/2
    74 | Abyss:1  | Noticed a neqoxec
    76 | Abyss:1  | Noticed a lorocyproca
    82 | D:1      | Escaped the Abyss
   247 | D:1      | Reached XP level 2. HP: 14/24 MP: 3/3
   259 | D:1      | Reached * piety under Lugonu
   659 | D:1      | Reached XP level 3. HP: 30/30 MP: 4/4
   711 | D:1      | Reached skill level 1 in Stealth
   806 | D:1      | Reached skill level 4 in Fighting
   854 | D:1      | Reached skill level 1 in Dodging
  1212 | D:2      | Reached XP level 4. HP: 37/37 MP: 5/5
  1216 | D:2      | Noticed Jessica
  1239 | D:2      | Killed Jessica
  1279 | D:2      | Noticed Natasha
  1287 | D:2      | Killed Natasha
  1287 | D:2      | Reached XP level 5. HP: 17/43 MP: 6/6
  1361 | D:2      | Noticed Natasha
  1378 | D:2      | Killed Natasha
  1429 | D:2      | Noticed Natasha
  1626 | D:2      | Killed Natasha
  2249 | D:3      | Reached ** piety under Lugonu
  2362 | D:3      | Reached XP level 6. HP: 18/49 MP: 3/7
  2432 | D:3      | Reached skill level 5 in Fighting
  2918 | D:3      | Found a shattered altar of Ashenzari.
  2920 | D:3      | Found a bloodstained altar of Trog.
  3064 | D:3      | Noticed Robin
  3093 | D:3      | Killed Robin
  3181 | D:3      | Found a sparkling altar of Nemelex Xobeh.
  3416 | D:4      | Reached XP level 7. HP: 55/56 MP: 6/8
  3816 | D:4      | Found a staircase to the Ecumenical Temple.
  4058 | D:3      | Mangled by a gnoll

Skill      XL: |  1  2  3  4  5  6 |
---------------+-------------------+-----
Stealth        | 1 2 |  2.1
Fighting       | 4 5 |  5.2
Dodging        | 1 |  1.8
Polearms       | 3 4 |  4.6
Armour         | 3 4 |  4.8
Shields        | |  0.2
Invocations    | |  2.2

Action                   |  1- 3 |  4- 6 |  7- 9 || total
-------------------------+-------+-------+-------++-------
Melee: Spear             |   110 |   212 |    80 ||   402
Invok: Depart the Abyss  |     1 |       |       ||     1
 Abil: Dig               |     3 |     5 |     2 ||    10
  Use: Potion            |       |     1 |       ||     1
 Stab: Sleeping          |     1 |       |       ||     1
  Eat: Chunk             |     1 |     8 |     2 ||    11
Armor: Leather armour    |    15 |       |       ||    15
       Ring mail         |     1 |    37 |     8 ||    46
Dodge: Dodged            |    39 |    61 |    36 ||   136
